[Event "Titled Tuesday Blitz June 13 Early 2023"]
[White "Vargas, Mauricio"]
[Black "Sovetbekova, Nurai"]
[WhiteFideId "4404572"]
[BlackFideId "13801910"]
[WhiteElo "1986"]
[BlackElo "1857"]
[Result "0-1"]
[Round "5"]
[TimeControl "180+2"]
[Date "2023.06.13"]
[WhiteClock "0:00:00"]
[BlackClock "0:00:19"]
[Board "188"]

1. e4 c5 2. Nc3 Nc6 3. f4 g6 4. Nf3 Bg7 5. Bb5 e6 6. Bxc6 dxc6 7. O-O Ne7 8. d3 O-O 9. Bd2 b5 10. Qe1 b4 11. Na4 Ba6 12. Nxc5 Bxb2 13. Rb1 Bg7 14. Nxa6 Qb6+ 15. Kh1 Qxa6 16. Bxb4 Rfe8 17. a3 Rac8 18. Bc5 Qa4 19. Qb4 Qxb4 20. Rxb4 Rc7 21. Rfb1 f5 22. Ng5 fxe4 23. Nxe6 Rd7 24. Nxg7 Kxg7 25. dxe4 Rd2 26. c3 Kf6 27. h3 Red8 28. Bd4+ Ke6 29. Rb7 Re2 30. Bc5 Nc8 31. Rxh7 Rdd2 32. Rg1 Rxe4 33. Rh8 Nb6 34. Bd4 Kf7 35. Rh7+ Kf8 36. Rxa7 Nd5 37. Ra8+ Kf7 38. a4 Nxf4 39. Ra7+ Ke6 40. Ra8 Kd5 41. Rd8+ Kc4 42. Rb1 Ree2 43. Rb4+ Kd3 0-1


[Site "https://www.chess.com"]

[Event "Titled Tuesday Blitz June 13 Early 2023"]
[White "Nikulina, Alena"]
[Black "Melikhov, Evgeny V."]
[WhiteFideId "4172051"]
[BlackFideId "4122046"]
[WhiteElo "1608"]
[BlackElo "2158"]
[Result "0-1"]
[Round "5"]
[TimeControl "180+2"]
[Date "2023.06.13"]
[WhiteClock "0:00:00"]
[BlackClock "0:00:17"]
[Board "189"]

1. e4 c5 2. Nf3 d6 3. c3 Nf6 4. h3 Bd7 5. Bd3 Bc6 6. Qe2 Nbd7 7. O-O Qc7 8. Bc2 e6 9. d3 Be7 10. Re1 O-O 11. Nbd2 b5 12. Nf1 a5 13. Bg5 h6 14. Bh4 Rfe8 15. Bg3 e5 16. Nh4 Bf8 17. Qe3 d5 18. Nf5 Kh7 19. exd5 Nxd5 20. Qe2 g6 21. N5e3 Nf4 22. Qd2 Nf6 23. d4 N6h5 24. Ng4 Bg7 25. dxe5 Rad8 26. Qc1 Nxg3 27. Nxg3 Nd3 28. Bxd3 Rxd3 29. Nf6+ Bxf6 30. exf6 Rxg3 31. fxg3 Qxg3 32. Qd2 Rd8 33. Qf2 Qxf2+ 34. Kxf2 Rd2+ 35. Re2 Rxe2+ 36. Kxe2 Bxg2 37. h4 g5 38. hxg5 Kg6 39. Rg1 Bd5 40. gxh6+ Kxh6 41. Ke3 Bxa2 42. Rg3 a4 43. Kf4 b4 44. cxb4 cxb4 45. Ke5 Be6 46. Kd4 Kh5 47. Kc5 Kh4 48. Rg1 a3 49. bxa3 bxa3 50. Kd6 a2 51. Ke7 Kh3 52. Kd6 Kh2 53. Ra1 Kg2 54. Ke5 Kf2 55. Kd4 Ke2 56. Kc3 Ke3 57. Kb2 Kd4 58. Rf1 Bc4 59. Ra1 Ke5 60. Re1+ Kxf6 61. Re4 Be6 62. Re1 Kg5 63. Rg1+ Kf4 64. Rf1+ Ke5 65. Re1+ Kd6 66. Rd1+ Bd5 67. Rf1 Ke5 68. Re1+ Kd4 69. Rd1+ Kc5 70. Rf1 Kd6 71. Rd1 f5 72. Rf1 Ke5 73. Kc3 Be6 74. Kd2 Kd4 75. Rf2 Kc4 76. Rf1 Kb3 77. Ke3 Kb2 78. Rf2+ Ka3 79. Rf1 Bd5 80. Kf4 Be4 81. Ke5 Bb1 82. Rf3+ Kb4 83. Rf2 a1=Q+ 84. Kf4 Qd4+ 85. Kg3 Be4 86. Rf4 Qe3+ 0-1


[Site "https://www.chess.com"]

[Event "Titled Tuesday Blitz June 13 Early 2023"]
[White "Floresvillar Gonzalez, Luis Migu"]
[Black "Dishman, Stephen"]
[WhiteFideId "5100542"]
[BlackFideId "403024"]
[WhiteElo "2040"]
[BlackElo "2204"]
[Result "0-1"]
[Round "5"]
[TimeControl "180+2"]
[Date "2023.06.13"]
[WhiteClock "0:00:00"]
[BlackClock "0:00:17"]
[Board "190"]

1. d4 d5 2. c3 Nf6 3. Bg5 Ne4 4. h4 c5 5. e3 Qb6 6. Qb3 c4 7. Qxb6 axb6 8. Nd2 Nxg5 9. hxg5 Bf5 10. a3 b5 11. f4 Nc6 12. Rc1 e6 13. Be2 Bd6 14. Ngf3 f6 15. gxf6 gxf6 16. Nh4 Be4 17. Bh5+ Ke7 18. Nxe4 dxe4 19. Kf2 Kd7 20. Rcg1 Ne7 21. Be2 h5 22. g4 hxg4 23. Bxg4 f5 24. Be2 Rag8 25. Ng2 Nd5 26. Rh5 Rxh5 27. Bxh5 Rh8 28. Rh1 Ke7 29. Kg1 Nb6 30. Bd1 Rxh1+ 31. Kxh1 Kf7 32. Kg1 Be7 33. Kf2 Kg6 34. Ne1 Bh4+ 35. Kf1 Nd5 36. Nc2 Bg3 37. Ke2 Bxf4 38. exf4 Nxf4+ 39. Ke3 Nd3 40. Nb4 Nxb2 41. Bc2 Kg5 42. d5 e5 43. d6 Kf6 44. Nd5+ Ke6 45. Bxe4 fxe4 46. Kxe4 Kxd6 0-1


[Site "https://www.chess.com"]

[Event "Titled Tuesday Blitz June 13 Early 2023"]
[White "Vidruska, Renate"]
[Black "Hartikainen, Jarmo"]
[WhiteFideId "11601841"]
[BlackFideId "503134"]
[WhiteElo "1976"]
[BlackElo "2129"]
[Result "1-0"]
[Round "5"]
[TimeControl "180+2"]
[Date "2023.06.13"]
[WhiteClock "0:00:27"]
[BlackClock "0:00:09"]
[Board "191"]

1. e4 c5 2. Nf3 Nc6 3. d4 cxd4 4. Nxd4 Nf6 5. Nc3 d6 6. g3 e5 7. Nde2 h6 8. Bg2 Be6 9. O-O Be7 10. h3 O-O 11. Kh2 Re8 12. f4 Bf8 13. f5 Bc4 14. g4 Bxe2 15. Nxe2 d5 16. exd5 Nd4 17. Nxd4 exd4 18. Qxd4 Qc7+ 19. Kh1 Qxc2 20. d6 Re2 21. Rg1 Rd8 22. Bf4 Ne4 23. Rac1 Qxb2 24. Qxb2 Rxb2 25. Bxe4 Bxd6 26. Rgd1 Bxf4 27. Rxd8+ Kh7 28. f6+ g6 29. Rcc8 Rb1+ 30. Bxb1 1-0


[Site "https://www.chess.com"]

[Event "Titled Tuesday Blitz June 13 Early 2023"]
[White "Vianello, Enrico"]
[Black "Haukenfrers, Dale"]
[WhiteFideId "810738"]
[BlackFideId "2603780"]
[WhiteElo "2158"]
[BlackElo "2020"]
[Result "0-1"]
[Round "5"]
[TimeControl "180+2"]
[Date "2023.06.13"]
[WhiteClock "0:00:00"]
[BlackClock "0:01:12"]
[Board "192"]

1. g3 d6 2. Bg2 Bd7 3. e4 e5 4. Ne2 f5 5. d4 Nc6 6. dxe5 Nxe5 7. exf5 h5 8. Bxb7 h4 9. Bf4 Nf6 10. Nbc3 Rb8 11. Bxe5 dxe5 12. Bf3 Rxb2 13. Rb1 Rb4 14. Rxb4 Bxb4 15. g4 h3 16. Rg1 O-O 17. Kf1 Re8 18. Nd5 Bb5 19. Nxf6+ gxf6 20. Qd5+ Kg7 21. g5 fxg5 22. Qxd8 Rxd8 23. Rxg5+ Kf6 24. Rg6+ Kxf5 0-1


[Site "https://www.chess.com"]

[Event "Titled Tuesday Blitz June 13 Early 2023"]
[White "Tsukerman, Julia"]
[Black "Howell, David W L"]
[WhiteFideId "2621649"]
[BlackFideId "410608"]
[WhiteElo "1667"]
[BlackElo "2567"]
[Result "0-1"]
[Round "5"]
[TimeControl "180+2"]
[Date "2023.06.13"]
[WhiteClock "0:00:00"]
[BlackClock "0:00:38"]
[Board "193"]

1. e4 c5 2. Nf3 Nc6 3. d4 cxd4 4. Nxd4 Nf6 5. Nc3 d6 6. Be3 Ng4 7. Nxc6 bxc6 8. Bc1 Qb6 9. Qf3 g6 10. h3 Ne5 11. Qe3 Bg7 12. f4 Nd7 13. Qxb6 axb6 14. Bd2 b5 15. Bd3 Nc5 16. Ke2 e5 17. Rhf1 exf4 18. Rxf4 Be6 19. Rff1 O-O 20. a3 Rfe8 21. Kf3 h5 22. Rae1 Nd7 23. Kf2 Bd4+ 24. Ke2 Ne5 25. Kd1 Reb8 26. Ne2 Bxb2 27. Bc1 Bxc1 28. Kxc1 Rxa3 29. Nd4 c5 30. Nxe6 fxe6 31. Rf6 c4 32. Bf1 Rf8 33. Rxe6 c3 34. Kd1 Rf2 0-1


[Site "https://www.chess.com"]

[Event "Titled Tuesday Blitz June 13 Early 2023"]
[White "Thipsay, Bagyashree Sathe"]
[Black "Seletsky, Grigory"]
[WhiteFideId "5001013"]
[BlackFideId "14112191"]
[WhiteElo "2031"]
[BlackElo "2491"]
[Result "0-1"]
[Round "5"]
[TimeControl "180+2"]
[Date "2023.06.13"]
[WhiteClock "0:00:03"]
[BlackClock "0:01:45"]
[Board "194"]

1. e4 e6 2. d4 d5 3. e5 c5 4. c3 Nc6 5. Nf3 Bd7 6. Be2 Rc8 7. O-O cxd4 8. cxd4 Nge7 9. Nc3 Nf5 10. a3 Be7 11. Bd3 Nfxd4 12. Nxd4 Nxd4 13. Qg4 Nb3 14. Qxg7 Rf8 15. Rb1 Nxc1 16. Rbxc1 h5 17. Nb5 Qb6 18. Rxc8+ Bxc8 19. b4 Bd7 20. Nd6+ Bxd6 21. exd6 Qxd6 22. Rc1 Qf4 23. Rc2 h4 24. h3 a6 25. g3 hxg3 26. fxg3 Qe3+ 27. Kg2 Qxd3 28. Rf2 Bc6 29. Kh2 d4 30. Qe5 Kd7 31. Qg7 Ke8 32. Qe5 Qe4 33. Qb8+ Kd7 0-1


[Site "https://www.chess.com"]

[Event "Titled Tuesday Blitz June 13 Early 2023"]
[White "Omariev, Maksim"]
[Black "Mishra, Manoj"]
[WhiteFideId "4193423"]
[BlackFideId "5006007"]
[WhiteElo "2390"]
[BlackElo "1847"]
[Result "0-1"]
[Round "5"]
[TimeControl "180+2"]
[Date "2023.06.13"]
[WhiteClock "0:00:00"]
[BlackClock "0:00:15"]
[Board "195"]

1. g4 d5 2. Bg2 Bxg4 3. c4 c6 4. Qb3 Qb6 5. cxd5 Qxb3 6. axb3 cxd5 7. Bxd5 Nc6 8. h3 Bh5 9. Na3 e6 10. Bc4 Nf6 11. e3 Bb4 12. Ne2 O-O-O 13. Nc2 a5 14. Rg1 Bg6 15. Ncd4 e5 16. Nxc6 bxc6 17. Nc3 Nd5 18. Ke2 e4 19. Na4 Kb7 20. d4 exd3+ 21. Bxd3 Nf4+ 22. exf4 Bxd3+ 23. Kf3 Bg6 24. Be3 Rd3 25. f5 Bxf5 26. Rxg7 Bg6 27. Rg1 Bf8 28. R7xg6 hxg6 29. Kg2 Rxb3 30. Rd1 Rb4 0-1


[Site "https://www.chess.com"]

[Event "Titled Tuesday Blitz June 13 Early 2023"]
[White "Kiseleva, Arina"]
[Black "Davidson, Kevin"]
[WhiteFideId "4164989"]
[BlackFideId "2056810"]
[WhiteElo "1701"]
[BlackElo "2151"]
[Result "0-1"]
[Round "5"]
[TimeControl "180+2"]
[Date "2023.06.13"]
[WhiteClock "0:00:00"]
[BlackClock "0:00:02"]
[Board "196"]

1. d4 Nf6 2. c4 g6 3. Nc3 Bg7 4. e4 d6 5. h3 O-O 6. Bg5 Nbd7 7. Bd3 e5 8. d5 Nc5 9. Bc2 a5 10. Nge2 Qe8 11. Qd2 Nfd7 12. g4 a4 13. Ng3 Nb6 14. Qe2 Bd7 15. h4 Ra5 16. f3 Qa8 17. h5 Qa6 18. hxg6 fxg6 19. Qh2 Kf7 20. Bh6 Rg8 21. Bxg7 Rxg7 22. Nf5 gxf5 23. Qh5+ Kf8 24. exf5 Qxc4 25. f6 Rf7 26. Qh6+ Ke8 27. Qg5 Nd3+ 28. Kd2 Qf4+ 29. Qxf4 Nxf4 30. Rxh7 Rxf6 31. Rah1 Nbxd5 32. Rg7 Rf7 33. Rh8+ Ke7 34. Rgg8 Nxc3 35. bxc3 Bc6 36. Bg6 Rd5+ 37. Kc2 Nxg6 38. Rxg6 Rxf3 39. Rhh6 Rf7 40. Re6+ Kd7 41. Ref6 Rxf6 42. Rxf6 Ke7 43. g5 Rc5 44. Kd3 d5 45. Rg6 d4 46. Rg7+ Kf8 47. Rh7 Rxc3+ 48. Kd2 Rg3 49. Rh5 Kg7 50. Ke2 Kg6 51. Rh6+ Kxg5 52. Rh8 Rg2+ 53. Kd3 Rxa2 54. Rg8+ Kf6 55. Kc4 a3 56. Ra8 Ra1 57. Kb3 Ke7 58. Kc2 Kd6 59. Ra5 b6 60. Ra8 Kc5 61. Ra7 Bd5 62. Rxc7+ Kb4 63. Rb7 Kc5 64. Rc7+ Kd6 65. Rc8 b5 66. Rd8+ Kc6 67. Rh8 b4 68. Rc8+ Kd6 69. Rb8 Bc6 70. Rc8 Kd5 71. Kb3 Rb1+ 72. Ka2 Rb2+ 73. Ka1 Rh2 74. Rd8+ Kc5 75. Rc8 e4 76. Rb8 Kc4 77. Rc8 b3 78. Rxc6+ Kd3 79. Rc1 e3 80. Rd1+ Kc3 81. Rc1+ Kb4 82. Rb1 d3 83. Rf1 Ra2+ 84. Kb1 Rf2 85. Re1 Re2 86. Rc1 d2 87. Rd1 Re1 0-1


[Site "https://www.chess.com"]

[Event "Titled Tuesday Blitz June 13 Early 2023"]
[White "Georg, Heinz"]
[Black "Mirzanurov, Bulat"]
[WhiteFideId "4607295"]
[BlackFideId "4184521"]
[WhiteElo "2318"]
[BlackElo "2005"]
[Result "1/2-1/2"]
[Round "5"]
[TimeControl "180+2"]
[Date "2023.06.13"]
[WhiteClock "0:00:06"]
[BlackClock "0:00:05"]
[Board "197"]

1. e4 c5 2. Nf3 d6 3. Bb5+ Nd7 4. O-O Nf6 5. Re1 e6 6. c3 Be7 7. d4 cxd4 8. cxd4 a6 9. Bf1 O-O 10. Nc3 b5 11. e5 dxe5 12. dxe5 Ne8 13. Bf4 Bb7 14. Bd3 Nc7 15. Be4 Bxe4 16. Rxe4 Nc5 17. Rd4 Qc8 18. b4 Nb7 19. a3 Rd8 20. Rc1 Qb8 21. Qd2 Qa7 22. Rd1 Rxd4 23. Qxd4 Qxd4 24. Rxd4 Rd8 25. Rxd8+ Nxd8 26. Nd4 g5 27. Bg3 Kf8 28. Kf1 Ke8 29. Ke2 h5 30. h3 Kd7 31. Kd3 Nc6 32. Nxc6 Kxc6 33. Ke4 Ne8 34. f4 gxf4 35. Bxf4 Ng7 36. g4 hxg4 37. hxg4 a5 38. bxa5 Bxa3 39. Kd4 Bb4 40. Ne4 Bxa5 41. Ng5 Be1 42. Nxf7 Bf2+ 43. Ke4 Ne8 44. g5 b4 45. Nd6 Nxd6+ 46. exd6 b3 47. Kd3 b2 48. Kc2 Bd4 49. g6 Bg7 50. Kb1 e5 51. Bd2 Kxd6 52. Kxb2 Ke6 53. Kc2 Kf6 54. Be3 Kxg6 55. Kd3 Bh6 56. Bb6 Kf5 57. Ke2 e4 58. Bc5 Ke5 59. Bb6 Bf4 60. Ba7 Kd5 61. Bb6 Kc4 62. Ba7 Kc3 63. Bb6 Kc4 64. Ba7 e3 65. Bxe3 1/2-1/2


[Site "https://www.chess.com"]

[Event "Titled Tuesday Blitz June 13 Early 2023"]
[White "Vaglio Munoz, Jaime"]
[Black "De Souza, Cristiano Gomes"]
[WhiteFideId "6500145"]
[BlackFideId "2151758"]
[WhiteElo "2199"]
[BlackElo "2068"]
[Result "1-0"]
[Round "5"]
[TimeControl "180+2"]
[Date "2023.06.13"]
[WhiteClock "0:00:07"]
[BlackClock "0:00:04"]
[Board "198"]

1. Nf3 Nf6 2. d4 g6 3. g3 Bg7 4. Bg2 O-O 5. O-O d6 6. a4 Nc6 7. Bf4 a6 8. Nc3 Bf5 9. d5 Na7 10. Nd4 Bd7 11. e4 Nh5 12. Be3 c5 13. dxc6 Nxc6 14. Nd5 Nxd4 15. Bxd4 Bc6 16. Nb6 Rb8 17. a5 Bxd4 18. Qxd4 Nf6 19. c4 Nd7 20. Nxd7 Qxd7 21. b4 Rbc8 22. Rfd1 Rfd8 23. h4 Qc7 24. Rab1 Bd7 25. Rbc1 Be6 26. h5 f6 27. hxg6 hxg6 28. Rc3 Kf7 29. Rdc1 Qd7 30. Bf1 Rh8 31. Qb6 Rh5 32. Qe3 Rch8 33. Bg2 Bh3 34. Bf3 Bg4 35. Kf1 Rh2 36. c5 Bxf3 37. Qxf3 Qe6 38. cxd6 Qxd6 39. Ke2 Qxb4 40. Rc5 Rh1 41. Rxh1 Rxh1 42. Qxh1 Qxc5 43. Qh7+ Ke6 44. Qxg6 Qxa5 45. Qg8+ Kd7 46. Qb8 Qa2+ 47. Ke3 Qb3+ 48. Ke2 Qc2+ 49. Ke3 Qc7 50. Qa7 a5 51. f4 Qc3+ 52. Kf2 Kc6 53. g4 Qc5+ 54. Qxc5+ Kxc5 55. g5 fxg5 56. fxg5 Kd6 57. g6 Ke6 58. e5 a4 59. Ke3 b5 60. Kd3 b4 61. Kc4 b3 62. Kc3 Kxe5 63. g7 Ke4 64. g8=Q e5 65. Qa8+ Ke3 66. Qxa4 b2 67. Kxb2 e4 68. Kc1 Kf4 69. Kd1 Kf3 70. Ke1 e3 71. Qa2 Ke4 72. Qe2 1-0


[Site "https://www.chess.com"]

[Event "Titled Tuesday Blitz June 13 Early 2023"]
[White "Rodriguez Santiago, Jaime"]
[Black "Luxama, Jacques Muller"]
[WhiteFideId "3100898"]
[BlackFideId "11900113"]
[WhiteElo "2025"]
[BlackElo "1931"]
[Result "0-1"]
[Round "5"]
[TimeControl "180+2"]
[Date "2023.06.13"]
[WhiteClock "0:00:36"]
[BlackClock "0:01:02"]
[Board "199"]

1. c4 e6 2. Nf3 d5 3. g3 Nf6 4. Bg2 Be7 5. O-O O-O 6. b3 c5 7. Bb2 Nc6 8. e3 d4 9. exd4 cxd4 10. d3 Re8 11. Na3 Bf8 12. Re1 e5 13. h3 h6 14. Nc2 a5 15. a3 Bf5 16. Nh4 Bh7 17. Qd2 g5 18. Nf3 Bg7 19. b4 axb4 20. axb4 Rxa1 21. Bxa1 e4 22. Nfxd4 Nxd4 23. Nxd4 exd3 24. Rxe8+ Nxe8 25. Nb3 Bxa1 26. Nxa1 Qd4 27. Qd1 Qxc4 28. Bxb7 Qxb4 29. Bf3 Nd6 30. Nb3 Nc4 31. Nd4 Nb2 32. Qa1 Qxd4 0-1


[Site "https://www.chess.com"]

[Event "Titled Tuesday Blitz June 13 Early 2023"]
[White "Winkels, Marcel"]
[Black "babbilator"]
[WhiteFideId "1003887"]
[WhiteElo "1900"]
[BlackElo "2294"]
[Result "0-1"]
[Round "5"]
[TimeControl "180+2"]
[Date "2023.06.13"]
[WhiteClock "0:00:00"]
[BlackClock "0:00:26"]
[Board "200"]

1. e4 c5 2. Nf3 e6 3. d3 d5 4. Nbd2 Nf6 5. g3 Nc6 6. Bg2 Be7 7. O-O b5 8. Re1 b4 9. e5 Nd7 10. Nf1 a5 11. Bf4 a4 12. b3 Nb6 13. Qd2 Bd7 14. h4 h6 15. h5 Ra5 16. N1h2 Qa8 17. Ng4 axb3 18. cxb3 Ra3 19. Qc2 Na5 20. Rab1 Nc6 21. Re2 Qa6 22. Bf1 Kd8 23. Rc1 Kc7 24. d4 c4 25. Rd2 Na5 26. Ne3 Bb5 27. bxc4 Naxc4 28. Nxc4 Bxc4 0-1


[Site "https://www.chess.com"]

[Event "Titled Tuesday Blitz June 13 Early 2023"]
[White "Benevides Demasi, Joao Otavio"]
[Black "Bolanos, Fernando"]
[WhiteFideId "30916224"]
[BlackFideId "3304094"]
[WhiteElo "2130"]
[BlackElo "2097"]
[Result "1-0"]
[Round "5"]
[TimeControl "180+2"]
[Date "2023.06.13"]
[WhiteClock "0:02:11"]
[BlackClock "0:01:10"]
[Board "201"]

1. g3 d5 2. Bg2 c5 3. d3 Nc6 4. Nf3 e5 5. O-O Be7 6. c4 d4 7. e3 Nf6 8. exd4 cxd4 9. Re1 Nd7 10. Na3 O-O 11. Nc2 Qc7 12. Rb1 a5 13. b3 f5 14. a3 Nf6 15. b4 axb4 16. axb4 Nd7 17. b5 Nd8 18. Nfxd4 exd4 19. Rxe7 1-0


[Site "https://www.chess.com"]

[Event "Titled Tuesday Blitz June 13 Early 2023"]
[White "Lakshmi C"]
[Black "SicilianPanzer"]
[WhiteFideId "25035347"]
[WhiteElo "1942"]
[BlackElo "2249"]
[Result "0-1"]
[Round "5"]
[TimeControl "180+2"]
[Date "2023.06.13"]
[WhiteClock "0:01:03"]
[BlackClock "0:00:44"]
[Board "202"]

1. e4 e6 2. d4 d5 3. Nc3 Nf6 4. e5 Nfd7 5. f4 c5 6. Nf3 Nc6 7. Be3 Be7 8. Qd2 a6 9. O-O-O c4 10. g4 b5 11. f5 b4 12. Ne2 Qa5 13. Kb1 Nb6 14. fxe6 Bxe6 15. Nc1 c3 16. Qg2 cxb2 17. Nb3 Qa3 18. Ng5 Na4 19. Bd2 Bxg5 0-1


[Site "https://www.chess.com"]

[Event "Titled Tuesday Blitz June 13 Early 2023"]
[White "Fudalej, Michal"]
[Black "Maluco_do_Natal_00"]
[WhiteFideId "1118781"]
[WhiteElo "2088"]
[BlackElo "2073"]
[Result "1-0"]
[Round "5"]
[TimeControl "180+2"]
[Date "2023.06.13"]
[WhiteClock "0:01:50"]
[BlackClock "0:00:38"]
[Board "203"]

1. Nf3 d5 2. g3 c5 3. Bg2 Nc6 4. c4 d4 5. O-O Nf6 6. e3 dxe3 7. dxe3 Bg4 8. Qa4 Qc7 9. Nc3 e6 10. Ne5 Qxe5 11. Bxc6+ Ke7 12. Bxb7 Rb8 13. Bg2 Qc7 14. Nb5 Qb6 15. Nxa7 1-0


[Site "https://www.chess.com"]

[Event "Titled Tuesday Blitz June 13 Early 2023"]
[White "Liu, Kelsey"]
[Black "Torres Dominguez, David"]
[WhiteFideId "30944481"]
[BlackFideId "2220857"]
[WhiteElo "2245"]
[BlackElo "1999"]
[Result "1-0"]
[Round "5"]
[TimeControl "180+2"]
[Date "2023.06.13"]
[WhiteClock "0:02:06"]
[BlackClock "0:01:24"]
[Board "204"]

1. e4 e5 2. Nf3 Nc6 3. Bb5 Nge7 4. O-O g6 5. d4 exd4 6. Nxd4 Bg7 7. Nxc6 Nxc6 8. Bxc6 bxc6 9. c4 d6 10. Nc3 O-O 11. Be3 c5 12. Rb1 Rb8 13. Qd2 f5 14. f3 fxe4 15. fxe4 Rxf1+ 16. Rxf1 Be6 17. b3 a6 18. Nd5 Qd7 19. Nf6+ Bxf6 20. Rxf6 Rf8 21. Rxf8+ Kxf8 22. Bh6+ Kg8 23. Qf4 Qf7 24. Kf2 Qxf4+ 25. Bxf4 Kf7 26. e5 Bd7 27. exd6 cxd6 28. Bxd6 a5 29. Bxc5 a4 30. Ke3 axb3 31. axb3 Ke6 32. b4 Be8 33. Kd4 Kd7 34. Bf8 Kc6 35. b5+ Kb7 36. Kc5 Bd7 37. Kb4 Be8 38. c5 Kc8 39. c6 Kc7 40. Kc5 Bf7 41. b6+ Kc8 42. b7+ 1-0


[Site "https://www.chess.com"]

[Event "Titled Tuesday Blitz June 13 Early 2023"]
[White "Slayyy_200"]
[Black "Winslow, Elliott"]
[BlackFideId "2002523"]
[WhiteElo "2045"]
[BlackElo "2045"]
[Result "0-1"]
[Round "5"]
[TimeControl "180+2"]
[Date "2023.06.13"]
[WhiteClock "0:00:08"]
[BlackClock "0:00:06"]
[Board "205"]

1. e4 c5 2. c3 Nf6 3. e5 Nd5 4. d4 cxd4 5. Nf3 Nc6 6. cxd4 d6 7. Bc4 dxe5 8. dxe5 Ndb4 9. Qe2 Bf5 10. Na3 Bd3 11. Qd2 Bxc4 12. Nxc4 Qxd2+ 13. Kxd2 O-O-O+ 14. Ke2 Nc2 15. Rb1 N2d4+ 16. Nxd4 Rxd4 17. b3 b5 18. Na3 Re4+ 19. Be3 Rxe5 20. Rbc1 Kb7 21. f4 Rd5 22. Rhd1 Rxd1 23. Rxd1 a6 24. Nc2 Kc7 25. Rc1 Kb7 26. Rd1 g6 27. Bc5 Kc7 28. Ne3 e6 29. Bd4 Rg8 30. Ng4 Be7 31. Be5+ Kc8 32. Bf6 Rd8 33. Bxe7 Nxe7 34. Ne5 Rxd1 35. Kxd1 f6 36. Ng4 Nd5 37. g3 Kd7 38. Kd2 h5 39. Nf2 e5 40. Ne4 Kc6 41. fxe5 fxe5 42. a3 Ne7 43. Kd3 Nf5 44. Nf2 Kd5 45. Nd1 e4+ 46. Kd2 Kd4 47. Nc3 e3+ 48. Kc2 Nd6 49. Ne2+ Ke4 50. Kd1 Nb7 51. Ke1 Nc5 52. b4 Nd3+ 53. Kf1 Nb2 54. Kg2 Nc4 55. Kf1 Nxa3 56. Ke1 Nc2+ 57. Kd1 Nxb4 58. Nf4 Kf3 59. Nxg6 Kg2 60. Ke2 Kxh2 61. Kxe3 Kxg3 62. Kd4 h4 63. Nxh4 Kxh4 64. Kc5 Nc2 65. Kb6 Kg5 66. Kxa6 b4 67. Kb5 b3 68. Kc4 b2 69. Kd3 b1=Q 70. Ke4 Kg4 0-1


[Site "https://www.chess.com"]

[Event "Titled Tuesday Blitz June 13 Early 2023"]
[White "Necula, Iulian"]
[Black "Coelho, Ramyres Santana"]
[WhiteFideId "1232380"]
[BlackFideId "2120690"]
[WhiteElo "1790"]
[BlackElo "1888"]
[Result "1-0"]
[Round "5"]
[TimeControl "180+2"]
[Date "2023.06.13"]
[WhiteClock "0:01:04"]
[BlackClock "0:00:00"]
[Board "206"]

1. d4 Nf6 2. Nc3 g6 3. e4 d6 4. Be2 Bg7 5. Nf3 O-O 6. O-O Nc6 7. h3 e5 8. d5 Ne7 9. Bg5 h6 10. Bh4 g5 11. Bg3 Nh5 12. Bh2 Nf4 13. Re1 f5 14. Bf1 fxe4 15. Bxf4 gxf4 16. Nxe4 Ng6 17. h4 Nxh4 18. Nxh4 Qxh4 19. g3 fxg3 20. Nxg3 Bg4 21. Be2 Rf4 22. Bxg4 Rxg4 23. Re3 Rf8 24. Rf3 Rgf4 25. Rxf4 exf4 26. Nf1 f3 27. Ng3 Be5 28. Qd3 1-0


[Site "https://www.chess.com"]

[Event "Titled Tuesday Blitz June 13 Early 2023"]
[White "Caruana, Fabiano"]
[Black "Lintchevski, Daniil"]
[WhiteFideId "2020009"]
[BlackFideId "4171055"]
[WhiteElo "2832"]
[BlackElo "2559"]
[Result "1-0"]
[Round "6"]
[TimeControl "180+2"]
[Date "2023.06.13"]
[WhiteClock "0:00:39"]
[BlackClock "0:00:01"]
[Board "1"]

1. e4 c5 2. Nf3 Nf6 3. e5 Nd5 4. Nc3 e6 5. Bc4 Nb6 6. d3 d5 7. exd6 Bxd6 8. Qe2 O-O 9. Be3 Nc6 10. Ne4 Nxc4 11. dxc4 Be7 12. O-O b6 13. Bf4 Bb7 14. Rad1 Qc8 15. Nd6 Bxd6 16. Rxd6 Rd8 17. Rfd1 Rxd6 18. Bxd6 Qe8 19. c3 Rd8 20. b4 f6 21. bxc5 bxc5 22. h3 e5 23. Bxc5 Rxd1+ 24. Qxd1 Qe6 25. Qa4 h5 26. Be3 a6 27. Nd2 Nd8 28. Qa5 Nf7 29. f3 Qc6 30. Qb4 Nd6 31. c5 Nf5 32. Bf2 Ne7 33. Ne4 Nd5 34. Qb3 Kh7 35. Nd6 Ba8 36. Qb1+ Kg8 37. Qg6 Nf4 38. Qf7+ Kh7 39. Ne8 Qb7 40. Nxf6+ Kh6 41. Qxb7 Bxb7 42. Nd7 Ne2+ 43. Kf1 Nxc3 44. Nxe5 Nxa2 45. c6 Bc8 46. Nf7+ Kg6 47. Nd6 Be6 48. c7 a5 49. c8=Q Bxc8 50. Nxc8 Nb4 51. Be1 Nc6 52. Nb6 Kf5 53. Kf2 g5 54. g4+ Kg6 55. Ke3 Ne5 56. Bxa5 hxg4 57. hxg4 1-0


[Site "https://www.chess.com"]

[Event "Titled Tuesday Blitz June 13 Early 2023"]
[White "Babazada, Khazar"]
[Black "Dubov, Daniil"]
[WhiteFideId "13413554"]
[BlackFideId "24126055"]
[WhiteElo "2369"]
[BlackElo "2793"]
[Result "0-1"]
[Round "6"]
[TimeControl "180+2"]
[Date "2023.06.13"]
[WhiteClock "0:00:36"]
[BlackClock "0:01:11"]
[Board "2"]

1. e4 c5 2. Nf3 e6 3. d4 cxd4 4. Nxd4 a6 5. Bd3 Bc5 6. Nb3 Ba7 7. Nc3 Nc6 8. Qe2 Nge7 9. Be3 Bxe3 10. Qxe3 O-O 11. O-O-O b5 12. h4 e5 13. h5 h6 14. g4 f6 15. Nd5 d6 16. c4 Be6 17. Kb1 Kh8 18. c5 Nxd5 19. exd5 Bxd5 20. Be4 Bxb3 21. Bxc6 Bxd1 22. Rxd1 Rc8 23. Rxd6 Qc7 24. g5 fxg5 25. Qxe5 Rf6 0-1


[Site "https://www.chess.com"]

[Event "Titled Tuesday Blitz June 13 Early 2023"]
[White "Zhigalko, Sergei"]
[Black "Xu, Yi"]
[WhiteFideId "13502956"]
[BlackFideId "8605564"]
[WhiteElo "2626"]
[BlackElo "2460"]
[Result "1/2-1/2"]
[Round "6"]
[TimeControl "180+2"]
[Date "2023.06.13"]
[WhiteClock "0:00:05"]
[BlackClock "0:00:10"]
[Board "3"]

1. e4 e5 2. Nf3 Nf6 3. d4 Nxe4 4. Bd3 d5 5. Nxe5 Nd7 6. Nxd7 Bxd7 7. O-O Bd6 8. Nc3 Nxc3 9. bxc3 O-O 10. Qh5 f5 11. Re1 h6 12. Rb1 b6 13. c4 dxc4 14. Bxc4+ Kh7 15. Bd2 Qf6 16. c3 Rae8 17. Bd3 Qg6 18. Qf3 Bc6 19. d5 Bd7 20. c4 Kg8 21. h3 Rxe1+ 22. Rxe1 Re8 23. Rxe8+ Qxe8 24. Bxf5 Qe5 25. g4 Bxf5 26. gxf5 Qa1+ 27. Kg2 Qxa2 28. Qe3 Qxc4 29. Qe6+ Kf8 30. f6 Qd4 31. Qc8+ Kf7 32. Qe6+ Kf8 33. fxg7+ Qxg7+ 34. Kf1 Qa1+ 35. Kg2 Qg7+ 36. Kf1 Qa1+ 37. Kg2 Qg7+ 1/2-1/2


[Site "https://www.chess.com"]

[Event "Titled Tuesday Blitz June 13 Early 2023"]
[White "Carlsen, Magnus"]
[Black "Bacrot, Etienne"]
[WhiteFideId "1503014"]
[BlackFideId "605506"]
[WhiteElo "2858"]
[BlackElo "2672"]
[Result "1-0"]
[Round "6"]
[TimeControl "180+2"]
[Date "2023.06.13"]
[WhiteClock "0:00:42"]
[BlackClock "0:00:03"]
[Board "4"]

1. c4 e6 2. g3 d5 3. Bg2 Nf6 4. Nf3 Bd6 5. O-O O-O 6. Nc3 dxc4 7. Qa4 Nc6 8. Qxc4 e5 9. d3 Be6 10. Qa4 h6 11. Be3 a6 12. Rac1 Re8 13. Nd2 Bd7 14. Qd1 Rb8 15. Nc4 Bf8 16. h3 Nd4 17. Nxe5 Nxe2+ 18. Nxe2 Rxe5 19. Bf4 Rc5 20. Nc3 Bc6 21. d4 Bxg2 22. Kxg2 Rc4 23. Be5 Nd5 24. Qf3 Nxc3 25. Rxc3 Rxc3 26. bxc3 Qd7 27. Re1 b5 28. Re3 a5 29. h4 b4 30. h5 Re8 31. cxb4 axb4 32. Re4 Qd5 33. Re2 c6 34. Rc2 f6 35. Bf4 Qxf3+ 36. Kxf3 Re6 37. Kg4 Kf7 38. Kf5 Be7 39. g4 Bd8 40. Rc4 Be7 41. Be3 Bf8 42. Bd2 Re2 43. Be3 Rxa2 44. Rxc6 Ra5+ 45. Ke4 Rb5 46. Rc7+ Ke8 47. Bc1 b3 48. Bb2 Kd8 49. Ra7 Be7 50. d5 Rb4+ 51. Kf5 Bc5 52. Rxg7 Kc8 53. f3 Bd4 54. Bxd4 Rxd4 55. Re7 b2 56. Re1 Rb4 57. Rb1 Rb6 58. Kg6 Kd7 59. Kxh6 f5+ 60. Kg7 fxg4 61. fxg4 Kd6 62. h6 1-0


[Site "https://www.chess.com"]